 Dungeon Crawl Stone Soup version 0.31-a0-848-gaac375c287 (webtiles) character file.

Game seed: 1778965572629397543

365 rageheart7 the Ruffian (level 6, 0/56 HPs)
             Began as a Draconian Shapeshifter on Oct 4, 2023.
             Was a Follower of Makhleb.
             Succumbed to an orc's poison
             ... on level 5 of the Dungeon.
             The game lasted 00:03:59 (3346 turns).

rageheart7 the Ruffian (Draconian Shapeshifter)     Turns: 3346, Time: 00:04:00

Health: 0/56       AC:  6    Str: 18    XL:     6   Next: 40%
Magic:  6/6        EV: 12    Int: 11    God:    Makhleb [*.....]
Gold:   244        SH:  5    Dex: 10    Spells: 5/5 levels left

rFire   . .          .
                       - Unarmed
rCold   . . .        (no shield)
rNeg    . . .        (body armour unavailable)
rPois   .            (helmet currently unavailable)
rElec   .            (cloak currently unavailable)
rCorr   .            (gloves currently unavailable)
SInv    +            (boots currently unavailable)
Will    .....        j - amulet of reflection
Stlth   +            g - ring of see invisible
HPRegen 0.29/turn    (no ring)
MPRegen 0.10/turn

%: reflection
@: lethally poisoned (0 -> -12), about to teleport, beast-form
A: beast (slay +1), AC +6, unfitting armour, cold-blooded
a: Begin Untransformation, Renounce Religion


You were on level 5 of the Dungeon.
You worshipped Makhleb.
Makhleb was aware of your devotion.
You were a hulking beast.
You visited 1 branch of the dungeon, and saw 5 of its levels.

You collected 244 gold pieces.

Inventory:

Jewellery
 g - a ring of see invisible (left hand)
 j - an amulet of reflection (around neck)
Talismans
 b - a beast talisman (active)
 c - a flux talisman
Scrolls
 e - 2 scrolls of fog
 h - a scroll of torment
 n - a scroll of vulnerability
Potions
 d - 2 potions of enlightenment
 f - a potion of heal wounds
 l - a potion of brilliance
 m - 2 potions of curing


   Skills:
 * Level 5.1 Fighting
 - Level 1.7 Dodging
 * Level 5.5 Unarmed Combat
 - Level 3.0 Shapeshifting


You had 5 spell levels left.
You didn't know any spells.
Your spell library contained the following spells:

 Spells                   Type           Power      Damage    Failure   Level
 Kiss of Death            Conj/Necr      0%         2d5       34%         1
 Confusing Touch          Hex            0%         N/A       71%         3
 Frozen Ramparts          Ice            0%         1d1       71%         3
 Animate Dead             Necr           0%         N/A       98%         4
 Dispel Undead            Necr           0%         3d6       98%         4
 Petrify                  Tmut/Erth      0%         N/A       98%         4
 Metabolic Englaciation   Hex/Ice        0%         N/A       100%        5
 Haunt                    Necr/Summ      0%         N/A       100%        7
 Infestation              Necr           0%         N/A       100%        8


Dungeon Overview and Level Annotations

Branches:
Dungeon (5/15)             Temple (0/1) D:5

Altars:
Makhleb
Okawaru
Wu Jian


Innate Abilities, Weirdness & Mutations

You are a hulking beast.
Your limbs bulge with bestial killing power. (Slay +1)
Your plain brown scales are hard. (AC +6)
You cannot fit into any form of body armour.
You are cold-blooded and may be slowed by cold attacks.


Message History

You barely miss the scorpion.
The scorpion is severely wounded.
The scorpion stings you.
The orc priest miscasts a cantrip.
You barely miss the scorpion.
The scorpion is severely wounded.
The scorpion barely misses you.
The orc priest calls down the wrath of Beogh upon you.
Beogh smites you!
You barely miss the scorpion.
You tail-slap the scorpion, but do no damage.
The scorpion is severely wounded.
The scorpion stings you but does no damage.
You punch the scorpion!
You kill the scorpion!
Makhleb accepts your kill.
The orc priest looks encouraged for a moment.
Your Fighting skill increases to level 5!
You hit the gnoll. You tail-slap the gnoll.
The gnoll is heavily wounded.
The orc priest mumbles some strange prayers to Beogh against you.
Beogh smites you!
The orc priest calls down the wrath of Beogh upon you.
Beogh smites you!
* * * LOW HITPOINT WARNING * * *
The gnoll completely misses you.
You punch the gnoll!
You kill the gnoll!
Makhleb accepts your kill. The orc barely misses you.
As you read the scroll of fog, it dissolves into smoke.
The orc hits you from afar with a +2 trident of venom!
* * * LOW HITPOINT WARNING * * *
You are lethally poisoned!
As you read the scroll of teleportation, it crumbles to dust.
You feel strangely unstable.
* * * LOW HITPOINT WARNING * * *
You feel sick. The orc hits you but does no damage.
You are more poisoned.
You die...

#....##.....#
###########.##
#......# #.8⌠.#.#
#. #......# .#.(#
#.8⌠.>.#
g<.?gg#####......#
...goooo§§#§8§.###
....og###§h§§..#
..... ######.....
.... ####. ###


There were no monsters in sight!

Vanquished Creatures
  A scorpion (D:5)
  A hound (D:4)
  An orc priest (D:4)
  An iguana (D:4)
  An orc wizard (D:4)
  6 gnolls
  5 adders
  An ufetubus (D:4)
  A worm (D:2)
  5 dart slugs
  4 orcs
  7 bats
  An endoplasm (D:2)
  2 giant cockroaches
  3 goblins
  10 hobgoblins
  4 jackals (D:3)
  3 quokkas
  7 ball pythons
  3 frilled lizards
  4 kobolds
  3 rats
74 creatures vanquished.

Notes
Turn   | Place    | Note
-------+----------+-------------------------------------------
     0 | D:1      | rageheart7 the Draconian Shapeshifter began the quest for
                  | the Orb.
     0 | D:1      | Reached XP level 1. HP: 16/16 MP: 1/1
   170 | D:1      | Reached XP level 2. HP: 18/24 MP: 2/2
   849 | D:2      | Reached XP level 3. HP: 26/30 MP: 3/3
  1013 | D:2      | Reached XP level 4. HP: 17/38 MP: 4/4
  1963 | D:3      | Found a burning altar of Makhleb.
  2065 | D:3      | Became a worshipper of Makhleb the Destroyer
  2116 | D:3      | Found a faded altar of an unknown god.
  2117 | D:3      | You fall into a shaft and drop 1 floor!
  2152 | D:4      | Reached XP level 5. HP: 34/46 MP: 5/5
  2283 | D:3      | Found an ornate altar of the Wu Jian Council.
  2656 | D:4      | Reached skill level 5 in Unarmed Combat
  2973 | D:4      | Found an iron altar of Okawaru.
  3122 | D:4      | Reached * piety under Makhleb
  3127 | D:4      | Reached XP level 6. HP: 44/53 MP: 6/6
  3251 | D:5      | Entered Level 5 of the Dungeon
  3313 | D:5      | Found a staircase to the Ecumenical Temple.
  3342 | D:5      | Reached skill level 5 in Fighting
  3346 | D:5      | Succumbed to an orc's poison

Illustrated notes

Levels and vault maps discovered:
D:1:      mrwooster_arrival_arrow, layout_loops_ring
D:2:      layout_loops_corners
D:3:      layout_loops_ring, nicolae_wu_jian_wuxing_cycle,
          lemuel_coloured_pillars_altar, chequers_ecumenical_altar_simple
D:4:      layout_rooms, okawaru_altar_gauntlet_db, chequers_jeans, minivault_24
D:5:      layout_basic, minmay_temple_entry_drinking_statues, minivault_19

Skill      XL: |  1  2  3  4  5  6 |
---------------+-------------------+-----
Fighting       | 2 3 4 5 |  5.1
Unarmed Combat | 4 5 |  5.5
Dodging        | |  1.7
Shapeshifting  | |  3.0

Action                     |  1- 3 |  4- 6 || total
---------------------------+-------+-------++-------
  Melee: Unarmed           |    88 |   144 ||   232
         Tailslap          |    10 |    16 ||    26
         Punch             |       |     5 ||     5
    Use: Scroll            |     1 |    12 ||    13
         Potion            |     1 |     1 ||     2
   Stab: Sleeping          |       |     2 ||     2
 Armour: Skin              |    50 |    82 ||   132
  Dodge: Dodged            |    57 |    66 ||   123
  Block: Other             |       |     3 ||     3

Table legend: (Time is in decaauts)
 A = Elapsed time spent in this place.
 B = Non-inter-level travel time spent in this place.
 C = Inter-level travel time spent in this place.
 D = Time resting spent in this place.
 E = Time spent auto-exploring this place.
 F = Levels seen in this place.
 G = Mean time per level.
                   A        B        C        D        E       F      G
               +--------+--------+--------+--------+--------+-----+--------+
         Total |   3327 |   3180 |    147 |      0 |   2658 |   5 |  665.4 |
       Dungeon |   3327 |   3180 |    147 |      0 |   2658 |   5 |  665.4 |
               +--------+--------+--------+--------+--------+-----+--------+

Top non-repeatable levels by time:
     D:2: 1010 daAuts
     D:4: 767 daAuts
     D:3: 747 daAuts
     D:1: 708 daAuts
     D:5: 93 daAuts
